 Dungeon Crawl Stone Soup version 0.26-a0-812-g31a745ddcd (webtiles) character file.

Game seed: 9891173941404065736

119 night the Grave Robber (level 4, 0/33 HPs)
             Began as a Demonspawn Necromancer on Nov 26, 2020.
             Slain by a gnoll
             ... wielding a +0 spear
              (5 damage)
             ... on level 3 of the Dungeon.
             The game lasted 00:06:27 (3044 turns).

night the Grave Robber (Demonspawn Necromancer)     Turns: 3044, Time: 00:06:27

Health: 0/33       AC:  2    Str:  9    XL:     4   Next: 74%
Magic:  2/8        EV: 12    Int: 17    God:
Gold:   117        SH:  0    Dex: 13    Spells: 3/8 levels left

rFire    . . .     SeeInvis .   (no weapon)
rCold    . . .     Faith    .   (no shield)
rNeg     . . .     Spirit   .   a - +0 robe
rPois    .         Reflect  .   (no helmet)
rElec    .         Harm     .   (no cloak)
rCorr    .         Rampage  .   (no gloves)
MR       .....                  (no boots)
Stlth    ++........             (no amulet)
HPRegen  0.11/turn              (no ring)
MPRegen  0.11/turn              (no ring)

@: no status effects
A: claws 2, powered by pain 1
a: no special abilities


You were on level 3 of the Dungeon.
You visited 1 branch of the dungeon, and saw 3 of its levels.

You collected 117 gold pieces.

Inventory:

Armour
 a - a +0 robe (worn)
Scrolls
 h - a scroll of remove curse
 j - a scroll of teleportation
Potions
 b - 2 potions of curing
 d - a potion of heal wounds {unknown}
 e - 2 potions of mutation {unknown}
 g - 3 potions of brilliance
 i - a potion of cancellation {unknown}
 l - 2 potions of lignification {unknown}


   Skills:
 + Level 1.7 Fighting
 - Level 2.0 Dodging
 - Level 2.0 Stealth
 + Level 0.5 Unarmed Combat
 + Level 2.7 Spellcasting
 * Level 5.5 Necromancy


You had 3 spell levels left.
You knew the following spells:

 Your Spells              Type           Power        Failure   Level
a - Pain                  Necr           ###.         1%          1
b - Animate Skeleton      Necr           ###...       1%          1
c - Vampiric Draining     Necr           ###.......   5%          3

Your spell library contained the following spells:

 Spells                   Type           Power        Failure   Level
 Animate Dead             Necr           ###.......   19%         4
 Agony                    Necr           ###.....     45%         5


Dungeon Overview and Level Annotations

Branches:
Dungeon (3/15)

Altars:

Annotations:
D:3 1 runed translucent door


Innate Abilities, Weirdness & Mutations

You have very sharp fingernails.
You sometimes gain a little power by taking damage.


Message History

Casting: Pain (safe; 1% risk of failure)
Confirm with . or Enter, or press ? or * to list all spells.
Okay, then.
You aren't carrying any items that you can evoke.
Casting: Pain (safe; 1% risk of failure)
Confirm with . or Enter, or press ? or * to list all spells.
Aiming: Pain (safe; 1% risk of failure)
Press: ? - help, Shift-Dir - straight line, f - gnoll
Aim: a gnoll, wielding a +0 spear (chance to defeat MR: 86%)
The gnoll writhes in agony!
The gnoll hits you from afar with a +0 spear.
* * * LOW HITPOINT WARNING * * *
Casting: Pain (safe; 1% risk of failure)
Confirm with . or Enter, or press ? or * to list all spells.
Aiming: Pain (safe; 1% risk of failure)
Press: ? - help, Shift-Dir - straight line, f/p - gnoll
Aim: a gnoll, wielding a +0 spear (severely wounded, chance to defeat MR: 86%)
The gnoll barely resists.
The gnoll hits you from afar with a +0 spear.
You die...

#....##..(...#
#.# #.##
#............#
#####.###.##
#######.....##
#...........
##...##
#.##########
##.## #.# #.#
#g# #.# #.#
#.#######.#
#..@.g....#
###########


You could see a gnoll.

Vanquished Creatures
  Jessica (D:2)
  2 gnolls (D:3)
  2 adders
  A worm (D:2)
  2 dart slugs
  2 ball pythons (D:1)
  6 bats
  8 giant cockroaches
  2 goblins
  4 hobgoblins
  6 jackals
  2 frilled lizards
  4 kobolds
  6 rats
48 creatures vanquished.

Notes
Turn   | Place    | Note
-------+----------+-------------------------------------------
     0 | D:1      | night the Demonspawn Necromancer began the quest for the
                  | Orb.
     0 | D:1      | Reached XP level 1. HP: 13/13 MP: 3/3
   212 | D:1      | Reached skill level 2 in Dodging
   212 | D:1      | Reached skill level 2 in Stealth
   289 | D:1      | Gained mutation: You sometimes gain a little power by
                  | taking damage. [demonic ancestry]
   289 | D:1      | Reached XP level 2. HP: 19/19 MP: 1/5
   335 | D:1      | Learned a level 1 spell: Animate Skeleton
  1613 | D:2      | Gained mutation: You have sharp fingernails. [demonic
                  | ancestry]
  1613 | D:2      | Reached XP level 3. HP: 17/25 MP: 1/6
  1937 | D:2      | Reached skill level 1 in Fighting
  1937 | D:2      | Reached skill level 5 in Necromancy
  2104 | D:2      | Noticed Jessica
  2106 | D:2      | Killed Jessica
  2106 | D:2      | Gained mutation: You have very sharp fingernails. [demonic
                  | ancestry]
  2106 | D:2      | Reached XP level 4. HP: 29/32 MP: 4/7
  2599 | D:2      | Learned a level 3 spell: Vampiric Draining
  2759 | D:2      | Found a faded altar of an unknown god.
  2916 | D:3      | Found a runed translucent door.
  3044 | D:3      | Slain by a gnoll

Illustrated notes

Levels and vault maps discovered:
D:1:      heliophobic_arrival_dark_side_of_the_moon, layout_basic,
          minmay_misc_feat_room
D:2:      layout_loops_ring, chequers_ecumenical_altar_grove, uniq_jessica
D:3:      layout_loops_ring, gammafunk_temple_overflow_pools,
          ebering_ghost_sewer_f

Skill      XL: |  1  2  3 |
---------------+----------+-----
Dodging        | 2 |  2.0
Stealth        | 2 |  2.0
Fighting       | 1 |  1.7
Necromancy     | 5 |  5.5
Unarmed Combat | |  0.5
Spellcasting   | |  2.7

Action                   |  1- 3 |  4- 6 || total
-------------------------+-------+-------++-------
Melee: Unarmed           |       |     4 ||     4
 Cast: Pain              |    59 |    38 ||    97
       Animate Skeleton  |     1 |     3 ||     4
  Use: Scroll            |     3 |     2 ||     5
Armor: Robe              |       |     1 ||     1
Dodge: Dodged            |     5 |     9 ||    14

Table legend: (Time is in decaauts)
 A = Elapsed time spent in this place.
 B = Non-inter-level travel time spent in this place.
 C = Inter-level travel time spent in this place.
 D = Time resting spent in this place.
 E = Time spent auto-exploring this place.
 F = Levels seen in this place.
 G = Mean time per level.
                   A        B        C        D        E       F      G
               +--------+--------+--------+--------+--------+-----+--------+
         Total |   3042 |   2976 |     66 |   1028 |   1639 |   3 | 1014.0 |
       Dungeon |   3042 |   2976 |     66 |   1028 |   1639 |   3 | 1014.0 |
               +--------+--------+--------+--------+--------+-----+--------+

Top non-repeatable levels by time:
     D:1: 1594 daAuts
     D:2: 1277 daAuts
     D:3: 170 daAuts
